 Dungeon Crawl Stone Soup version 0.17.0 (webtiles) character file.

760 Eucla the Caller (level 7, -2/46 HPs)
             Began as a Merfolk Summoner on Nov 15, 2015.
             Slain by Pikel
             ... wielding a +1 whip of flaming
              (3 damage)
             ... on level 5 of the Dungeon.
             The game lasted 00:17:03 (8977 turns).

Eucla the Caller (Merfolk Summoner)                 Turns: 8977, Time: 00:17:03

Health: -2/46      AC:  3    Str: 10    XL:     7   Next: 80%
Magic:  1/10       EV: 16    Int: 16    God:
Gold:   217        SH:  0    Dex: 13    Spells: 4 memorised, 1 level left

rFire  . . .     SeeInvis .     e - +0 spear
rCold  . . .     Clarity  .     a - +0 robe
rNeg   + . .     SustAt   .     (no shield)
rPois  .         Gourm    .     u - +0 helmet
rElec  .         Spirit   .     (no cloak)
rCorr  .         Warding  +     (no gloves)
rMut   .         Stasis   .     (no boots)
MR     .....                    o - amulet of warding
Stlth  ++........               (no ring)
                                v - +3 ring of evasion

@: not resistant to hostile enchantments, unstealthy
A: change form in water, swift swim, clumsy 1, low mp 1, strong 1
a: no special abilities


You were on level 5 of the Dungeon.
You were not hungry.

You visited 2 branches of the dungeon, and saw 6 of its levels.

You collected 217 gold pieces.

Inventory:

Hand Weapons
 e - a +0 spear (weapon)
Armour
 a - a +0 robe (worn)
 u - a +0 helmet (worn)
Jewellery
 k - an uncursed amulet of guardian spirit
 o - an amulet of warding (around neck)
 v - a +3 ring of evasion (left hand)
 w - an uncursed amulet of resist corrosion {unknown}
Scrolls
 d - 10 scrolls of identify {unknown}
 g - a scroll of magic mapping {unknown}
 j - 3 scrolls of remove curse
 l - a scroll of immolation {unknown}
 m - a scroll of amnesia {unknown}
 r - a scroll of enchant weapon {unknown}
Potions
 n - a potion of lignification
 q - a potion of brilliance {unknown}
 s - a potion of berserk rage {unknown}
 x - a potion of flight {unknown}
Books
 b - a book of Callings

   Spells                             Type                      Level
   a - Summon Small Mammal            Summoning                    1
   b - Call Imp                       Summoning                    2
   c - Call Canine Familiar           Summoning                    3
   d - Summon Guardian Golem          Hexes/Summoning              3
   e - Summon Lightning Spire         Summoning/Air                4
   f - Summon Ice Beast               Ice/Summoning                4
Comestibles
 c - 5 bread rations


   Skills:
 + Level 3.0 Polearms
 - Level 2.6 Dodging
 - Level 2.1 Stealth
 - Level 3.0 Spellcasting
 * Level 7.4 Summonings
 * Level 4.7 Ice Magic


You had one spell level left.
You knew the following spells:

 Your Spells              Type           Power        Failure   Level  Hunger
a - Summon Small Mammal   Summ           ####         1%          1    #......
b - Call Imp              Summ           ####....     1%          2    ##.....
c - Summon Ice Beast      Ice/Summ       ###.....     17%         4    #####..
d - Summon Lightning Spi  Summ/Air       ##......     50%         4    #####..


Dungeon Overview and Level Annotations

Branches:
Dungeon (5/15)             Temple (1/1) D:4

Altars:
Ashenzari
Cheibriados
Dithmenos
Elyvilon
Fedhas
Gozag
Kikubaaqudgha
Makhleb
Nemelex Xobeh
Qazlal
Sif Muna
Trog
Vehumet
Xom
Yredelemnul
Zin
The Shining One

Annotations:
D:5 Blork the orc, Pikel


Innate Abilities, Weirdness & Mutations

You revert to your normal form in water.
You are very nimble and swift while swimming.
You are clumsy. (Dex -2)
Your magical capacity is low (-10% MP).
Your muscles are strong. (Str +2)


Message History

Unknown command.
You barely miss Pikel.
Pikel is heavily wounded.
Pikel hits you with a whip of flaming. Pikel burns you.
* * * LOW HITPOINT WARNING * * *
Your ice beast hits Pikel but does no damage.
Unknown command.
You miss Pikel.
Pikel is heavily wounded.
Pikel hits you with a whip of flaming!
* * * LOW HITPOINT WARNING * * *
Pikel burns you.
* * * LOW HITPOINT WARNING * * *
Your ice beast closely misses Pikel.
Your ice beast hits Pikel but does no damage.
Unknown command.
Your ice beast hits Pikel.
Your ice beast freezes Pikel!
The slave barely misses your ice beast.
Your ice beast barely misses Pikel.
Pikel hits you with a whip of flaming.
You die...

.# #..#
##...######.# .#
##.# #......)..).#
.# #.#
#....######## .#
#.# #...## .# #.#
#...# .# #.# #...#
.## #.# #...# >.#
##.## #...#
.#######...###Y.@#
............pp.K.#
...#####...#######
.....>....##
###########


You could see Pikel, 2 slaves and a friendly ice beast.

Vanquished Creatures
  Edmund (D:5)
  A centaur (D:5)
  A centaur skeleton (D:4)
  An orc wizard (D:3)
  2 orc priests
  Jessica (D:2)
  An adder (D:3)
  An adder skeleton (D:4)
  9 orcs
  7 bats
  6 giant cockroaches
  7 hobgoblins
  7 kobolds
  4 quokkas
  4 ball pythons
  3 giant geckos
  A giant gecko zombie (D:5)
  4 giant newts
  7 goblins
  3 jackals (D:4)
  5 rats
76 creatures vanquished.

Vanquished Creatures (collateral kills)
  2 slaves (D:5)
  3 ogres
  A centaur (D:5)
  A giant frog (D:5)
  A crimson imp (D:5)
  An orc priest (D:3)
  An orc wizard (D:2)
  2 iguanas
  5 worker ants
  3 adders
  An ooze (D:2)
  5 worms
  5 orcs
  A giant cockroach (D:5)
  A hobgoblin (D:2)
  A kobold (D:1)
  2 bats
36 creatures vanquished.

Grand Total: 112 creatures vanquished

Notes
Turn   | Place    | Note
--------------------------------------------------------------
     0 | D:1      | Eucla the Merfolk Summoner began the quest for the Orb.
     0 | D:1      | Reached XP level 1. HP: 13/13 MP: 3/3
   299 | D:1      | Reached XP level 2. HP: 13/19 MP: 5/5
  1317 | D:1      | Learned a level 2 spell: Call Imp
  1322 | D:2      | Reached XP level 3. HP: 20/24 MP: 6/6
  1442 | D:2      | Noticed Jessica
  1455 | D:2      | Killed Jessica
  1455 | D:2      | Reached skill level 5 in Summonings
  1531 | D:2      | Reached XP level 4. HP: 13/30 MP: 3/7
  1559 | D:2      | Found an ancient bone altar of Kikubaaqudgha.
  2608 | D:3      | Noticed an ogre
  2623 | D:3      | Killed an ogre
  2623 | D:3      | Reached XP level 5. HP: 19/35 MP: 2/9
  2652 | D:3      | Learned a level 4 spell: Summon Ice Beast
  2987 | D:3      | Reached skill level 1 in Ice Magic
  2996 | D:3      | Reached skill level 6 in Summonings
  4570 | D:4      | Noticed an ogre
  4598 | D:3      | Reached XP level 6. HP: 19/41 MP: 4/10
  4783 | D:3      | Learned a level 4 spell: Summon Lightning Spire
  4803 | D:4      | Found a staircase to the Ecumenical Temple.
  4822 | Temple   | Entered the Ecumenical Temple
  5260 | D:4      | Noticed an ogre
  5796 | D:4      | Killed an ogre
  5806 | D:4      | Killed an ogre
  6446 | D:4      | Reached XP level 7. HP: 39/46 MP: 6/11
  6652 | D:4      | Reached skill level 1 in Polearms
  6666 | D:5      | Entered Level 5 of the Dungeon
  6763 | D:5      | Gained mutation: Your muscles are strong. (Str +2) [potion of mutation]
  6763 | D:5      | Gained mutation: Your magical capacity is low (-10% MP). [potion of mutation]
  6763 | D:5      | Gained mutation: You are clumsy. (Dex -2) [potion of mutation]
  7148 | D:5      | Reached skill level 7 in Summonings
  7304 | D:5      | Noticed Edmund
  7324 | D:5      | Killed Edmund
  8163 | D:5      | Noticed Pikel
  8168 | D:5      | HP: 1/46 [Pikel/wand of lightning (19)]
  8692 | D:5      | Noticed Blork the orc
  8974 | D:5      | HP: 1/46 [Pikel/whip of flaming (3)]
  8977 | D:5      | Slain by Pikel

Action                   |  1- 3 |  4- 6 |  7- 9 || total
-------------------------+-------+-------+-------++-------
Melee: Whip              |   124 |   119 |       ||   243
       Spear             |       |   116 |   139 ||   255
 Cast: Summon Small Mamm |     9 |     1 |       ||    10
       Call Imp          |     2 |    39 |     8 ||    49
       Summon Ice Beast  |       |     6 |    15 ||    21
  Use: Potion            |     1 |     2 |     5 ||     8
       Scroll            |       |       |     3 ||     3
 Stab: Sleeping          |     4 |     3 |     3 ||    10
       Distracted        |       |       |     3 ||     3
  Eat: Meat ration       |     1 |     1 |     2 ||     4
       Chunk             |       |    10 |     3 ||    13
       Pizza             |       |     1 |       ||     1
       Fruit             |       |       |     3 ||     3
